 Dungeon Crawl Stone Soup version 0.28-a0-268-g3f656e82c2 (webtiles) character file.

Game seed: 17726416047788074945

51562 jeb the Blocker (level 14, -9/106 HPs)
             Began as a Demonspawn Fighter on Aug 28, 2021.
             Was the Champion of Qazlal.
             Mangled by a deep troll (19 damage)
             ... on level 1 of the Depths.
             The game lasted 01:10:03 (17482 turns).

jeb the Blocker (Demonspawn Fighter)               Turns: 17482, Time: 01:10:04

Health: -9/106     AC: 28    Str: 24    XL:     14   Next: 23%
Magic:  14/14      EV:  8    Int:  9    God:    Qazlal [******]
Gold:   796        SH: 25    Dex: 13    Spells: 12/13 levels left

rFire   . . .      SeeInvis +   E - +7 dagger "Otuesib" {vorpal, Str+2 SInv}
rCold   . . .      Faith    .   c - +0 kite shield
rNeg    . . .      Spirit   .   k - +2 plate armour {rPois}
rPois   +          Reflect  +   (helmet unavailable)
rElec   .          Harm     .   z - +1 cloak {Will+}
rCorr   .          Rampage  .   (no gloves)
Will    ++...                   (no boots)
Stlth   ..........              e - amulet of reflection
HPRegen 1.27/turn               b - +4 ring of slaying
MPRegen 0.14/turn               R - +4 ring of protection

@: protected from physical damage, repel missiles
A: antennae 3, slimy green scales 2, powered by death 2, spiny 1
a: Renounce Religion, Upheaval, Elemental Force, Disaster Area


You were on level 1 of the Depths.
You worshipped Qazlal.
Qazlal was exalted by your worship.
You visited 3 branches of the dungeon, and saw 17 of its levels.
You also visited: Sewer.

You collected 1277 gold pieces.
You spent 481 gold pieces at shops.

Inventory:

Hand Weapons
 i - a +4 vampiric scythe
 y - a +5 flail of protection
 E - the +7 dagger "Otuesib" (weapon) {vorpal, Str+2 SInv}
   (You found it on level 5 of the Dungeon)

   It inflicts extra damage upon your enemies.
   Str:       It affects your strength (+2).
   SInv:      It lets you see invisible.
Missiles
 f - 58 poisoned darts (quivered)
 D - 3 throwing nets
Armour
 c - a +0 kite shield (worn)
 k - a +2 plate armour of poison resistance (worn)
 z - a +1 cloak of willpower (worn)
 G - a scarf of invisibility
Jewellery
 b - a +4 ring of slaying (left hand)
 e - an amulet of reflection (around neck)
 R - a +4 ring of protection (right hand)
Wands
 a - a wand of iceblast (14)
 d - a wand of digging (6)
 B - a wand of flame (54)
 H - a wand of charming (4)
 J - a wand of mindburst (13)
 K - a wand of paralysis (6)
 O - a wand of acid (2)
Scrolls
 g - a scroll of silence
 l - 7 scrolls of teleportation
 F - a scroll of fog
 I - a scroll of magic mapping
 L - 8 scrolls of identify
Potions
 j - 7 potions of curing
 m - 2 potions of lignification {unknown}
 p - 2 potions of ambrosia {unknown}
 q - 3 potions of brilliance {unknown}
 s - 4 potions of cancellation
 t - 2 potions of mutation {unknown}
 u - 2 potions of haste {unknown}
 v - 4 potions of flight {unknown}
 w - a potion of magic {unknown}
 x - a potion of invisibility {unknown}
 C - a potion of attraction {unknown}
 N - a potion of might


   Skills:
 + Level 8.3 Fighting
 * Level 11.0 Short Blades
 - Level 5.2 Maces & Flails
 - Level 6.0 Polearms
 + Level 1.6 Throwing
 + Level 8.9 Armour
 + Level 3.6 Dodging
 + Level 2.4 Stealth
 + Level 13.8 Shields
 + Level 4.6 Evocations


You had 12 spell levels left.
You knew the following spells:

 Your Spells              Type           Power      Damage    Failure   Level
a - Freeze                Ice            0%         1d3       99%         1

Your spell library contained the following spells:

 Spells                   Type           Power      Damage    Failure   Level
 Corpse Rot               Necr/Air       N/A        N/A       100%        2
 Sublimation of Blood     Necr           0%         N/A       100%        2
 Wereblood                Tmut           0%         N/A       100%        2
 Frozen Ramparts          Ice            0%         1d2       100%        3
 Ignite Poison            Fire/Tmut/Pois 0%         N/A       100%        3
 Mephitic Cloud           Conj/Pois/Air  0%         N/A       100%        3
 Ozocubu's Armour         Ice            0%         N/A       100%        3
 Stone Arrow              Conj/Erth      0%         3d7       100%        3
 Animate Armour           Summ/Erth      0%         N/A       100%        4
 Dispel Undead            Necr           0%         3d6       100%        4
 Hailstorm                Conj/Ice       0%         3d3       100%        4
 Bolt of Magma            Conj/Fire/Erth 0%         4d4       100%        5
 Metabolic Englaciation   Hex/Ice        0%         N/A       100%        5
 Summon Forest            Summ/Tloc      0%         N/A       100%        5
 Summon Mana Viper        Hex/Summ       0%         N/A       100%        5
 Death Channel            Necr           0%         N/A       100%        6
 Shadow Creatures         Summ           N/A        N/A       100%        6
 Simulacrum               Ice/Necr       0%         N/A       100%        6
 Summon Hydra             Summ           0%         N/A       100%        7
 Lehudib's Crystal Spear  Conj/Erth      0%         10d2      100%        8


Dungeon Overview and Level Annotations

Branches:
Dungeon (15/15)            Temple (0/1) D:7            Lair (0/6) D:10
    Orc (1/2) D:11         Vaults (0/5) D:14         Depths (1/5) D:15
  Sewer (visited)

Altars:
Dithmenos
Okawaru
Qazlal
Ru
Uskayaw
Vehumet
Zin
Beogh

Shops:
D:1 *   D:2 =   D:4 [   D:6 ?   D:10 [   D:13 ((


Innate Abilities, Weirdness & Mutations

You have a pair of large antennae on your head. (SInv)
You are mostly covered in slimy green scales. (AC +3)
You regenerate health from kills.
You are partially covered in sharp spines.


Message History

You block the deep troll's attack. x3
You closely miss the deep troll.
The deep troll is moderately wounded.
You block the deep troll's attack. x2
The deep troll claws you but does no damage.
You puncture the deep troll!
The deep troll is heavily wounded.
You block the deep troll's attack. The deep troll completely misses you.
You block the deep troll's attack.
You completely miss the deep troll.
The deep troll is heavily wounded.
The deep troll is engulfed in freezing vapours.
The deep troll bites you but does no damage.
The deep troll claws you.
You feel more protected from physical attacks.
The deep troll barely misses you.
You puncture the deep troll!
The deep troll is moderately wounded.
The deep troll is struck by your spines.
The deep troll bites you!
You feel more protected from physical attacks.
You block the deep troll's attack. x2
You puncture the deep troll!
The deep troll is severely wounded.
The deep troll is engulfed in freezing vapours.
You block the deep troll's attack. x3
The deep troll is struck by your spines.
The deep troll bites you!!
* * * LOW HITPOINT WARNING * * *
You feel more protected from physical attacks.
The deep troll claws you but does no damage. x2
You closely miss the deep troll.
The deep troll is severely wounded.
You block the deep troll's attack. The deep troll barely misses you.
You block the deep troll's attack.
You hit the deep troll but do no damage.
The deep troll is severely wounded.
The deep troll is struck by your spines.
The deep troll bites you!!
You die...

#..........#
#..........#
#.....)....#
#..........#
#..........#
####.......#
#..○.°..#
#...T.§.#
####.○T@°..#
#....#######
#....#
#....#
#....#
#....#
#....#
######....#
........)##


You could see 2 deep trolls.

Vanquished Creatures
  Rupert (D:14)
  Frances (D:13)
  Louise (D:14)
  A merfolk impaler (Depths:1)
  An ettin (D:15)
  A great orb of eyes (Depths:1)
  Harold (D:7)
  2 boulder beetles
  A vault guard (D:14)
  3 hydras
  3 centaur warriors
  2 two-headed ogres
  Erica (D:11)
  A deep troll shaman (Depths:1)
  5 tengu warriors
  A hell knight (D:15)
  6 skeletal warriors (D:14)
  2 deep trolls
  2 wizards (D:15)
  A phantasmal warrior (D:14)
  A necromancer (D:15)
  A deep elf pyromancer (D:15)
  11 ugly things
  5 cyclopes
  3 manticores
  2 gargoyles (D:12)
  Maggie (D:6)
  An unseen horror (shapeshifter) (D:14)
  2 unseen horrors
  2 komodo dragons
  Psyche (D:11)
  4 freezing wraiths
  3 meliai (D:13)
  3 trolls
  Grinder (D:3)
  6 slime creatures (D:15)
  A water elemental (Depths:1)
  Sigmund (D:2)
  A shadow (D:12)
  A wraith (D:5)
  A vampire (D:11)
  A steam dragon (D:8)
  4 vampire mosquitoes (D:12)
  Grum (D:10)
  2 acid dragons
  Edmund (D:4)
  3 wargs
  3 water moccasins
  8 orc warriors
  An ice beast (D:8)
  A black bear (shapeshifter) (D:15)
  2 necrophages
  A sky beast (D:8)
  10 ogres
  4 wolves (D:10)
  7 centaurs
  9 kobold brigands
  Blork the orc (D:6)
  3 bullfrogs
  2 scorpions
  A wyvern skeleton (D:7)
  A water moccasin skeleton (D:5)
  18 killer bees
  3 wights (D:7)
  8 howler monkeys
  An electric eel (D:8)
  4 centaur zombies
  A jelly (D:6)
  Crazy Yiuf (D:3)
  A gnoll shaman (D:7)
  7 orc priests
  2 bullfrog skeletons
  A centaur skeleton (D:7)
  2 hounds
  6 iguanas
  15 orc wizards
  2 killer bee zombies (D:8)
  Robin (D:2)
  3 howler monkey zombies
  14 gnolls
  A howler monkey skeleton (D:4)
  6 adders
  A river rat (D:4)
  A shadow imp (D:8)
  2 white imps
  2 ufetubi
  4 worms
  2 dart slugs
  53 orcs
  6 ball pythons
  7 endoplasms
  7 giant cockroaches
  21 goblins
  11 hobgoblins
  10 jackals
  5 quokkas
  3 training dummies (D:13)
  5 bats
  9 frilled lizards
  62 kobolds
  7 rats
  2 butterflies (D:7)
472 creatures vanquished.

Vanquished Creatures (others)
  Nessos (D:15)
  A kobold brigand (D:4)
  15 plants
17 creatures vanquished.

Grand Total: 489 creatures vanquished

Notes
Turn   | Place    | Note
-------+----------+-------------------------------------------
     0 | D:1      | jeb the Demonspawn Fighter began the quest for the Orb.
     0 | D:1      | Reached XP level 1. HP: 18/18 MP: 1/1
    35 | D:1      | Found a faded altar of an unknown god.
   153 | D:1      | Became a worshipper of Qazlal Stormbringer
   153 | D:1      | Reached * piety under Qazlal
   360 | D:1      | Gained mutation: You are partially covered in slimy green
                  | scales. (AC +2) [demonic ancestry]
   360 | D:1      | Reached XP level 2. HP: 7/24 MP: 2/2
   670 | D:1      | Reached skill level 3 in Shields
   886 | D:1      | Reached ** piety under Qazlal
  1009 | D:1      | Found Tuar's Assorted Antiques.
  1251 | D:1      | Gained mutation: You regenerate a little health from kills.
                  | [demonic ancestry]
  1251 | D:1      | Reached XP level 3. HP: 29/29 MP: 3/3
  1389 | D:2      | Noticed Sigmund
  1605 | D:2      | Killed Sigmund
  1606 | D:2      | Reached skill level 1 in Dodging
  1606 | D:2      | Gained mutation: You have a pair of small antennae on your
                  | head. [demonic ancestry]
  1606 | D:2      | Reached XP level 4. HP: 21/35 MP: 4/4
  1606 | D:2      | Reached XP level 5. HP: 25/41 MP: 5/5
  1882 | D:2      | Noticed Robin
  1901 | D:2      | Killed Robin
  2092 | D:2      | Found a hide-covered altar of Uskayaw.
  2105 | D:2      | Found Deuqeh's Jewellery Boutique.
  2400 | D:3      | Noticed Grinder
  2405 | D:3      | Paralysed by Grinder for 3 turns
  2411 | D:3      | Paralysed by Grinder for 7 turns
  2420 | D:3      | Killed Grinder
  2421 | D:3      | Reached skill level 4 in Shields
  2421 | D:3      | Gained mutation: You are mostly covered in slimy green
                  | scales. (AC +3) [demonic ancestry]
  2421 | D:3      | Reached XP level 6. HP: 48/48 MP: 6/6
  2658 | D:3      | Reached *** piety under Qazlal
  3131 | D:3      | Found a runed translucent door.
  3132 | D:3      | Noticed Crazy Yiuf
  3138 | D:3      | Killed Crazy Yiuf
  3404 | D:4      | Found a glowing drain.
  3409 | Sewer    | Entered a sewer
  3439 | Sewer    | Reached XP level 7. HP: 53/53 MP: 7/7
  3775 | D:4      | Reached skill level 5 in Polearms
  3902 | D:4      | Gained mutation: You have a pair of antennae on your head.
                  | [demonic ancestry]
  3902 | D:4      | Reached XP level 8. HP: 58/60 MP: 8/8
  3905 | D:4      | Noticed Edmund
  3914 | D:4      | Reached **** piety under Qazlal
  3920 | D:4      | Killed Edmund
  4113 | D:4      | Reached skill level 5 in Shields
  4271 | D:4      | Found Todetat's Antique Armour Emporium.
  4293 | D:4      | Found a sacrificial altar of Ru.
  4868 | D:5      | Entered Level 5 of the Dungeon
  5002 | D:5      | Reached ***** piety under Qazlal
  5086 | D:5      | Reached skill level 5 in Maces & Flails
  5086 | D:5      | Reached XP level 9. HP: 66/66 MP: 9/9
  5196 | D:5      | Identified the +7 dagger "Otuesib" {vorpal, Str+2 SInv}
  5361 | D:5      | Reached skill level 1 in Short Blades
  5793 | D:6      | Noticed Maggie
  5816 | D:6      | Killed Maggie
  5817 | D:6      | Reached skill level 5 in Armour
  5826 | D:6      | Reached skill level 6 in Shields
  5868 | D:6      | Found Qakhle's Magic Scroll Boutique.
  5934 | D:6      | Noticed Blork the orc
  5944 | D:6      | Killed Blork the orc
  6691 | D:7      | Identified the +1 robe of Precision Catastrophes {-Cast
                  | Str+5}
  6748 | D:7      | Found a staircase to the Ecumenical Temple.
  6817 | D:7      | Noticed Harold
  6823 | D:7      | Reached skill level 7 in Shields
  6836 | D:7      | Reached skill level 5 in Fighting
  6837 | D:7      | Killed Harold
  6838 | D:7      | Gained mutation: You have a pair of large antennae on your
                  | head. (SInv) [demonic ancestry]
  6838 | D:7      | Reached XP level 10. HP: 39/74 MP: 10/10
  6843 | D:7      | Reached skill level 5 in Short Blades
  6886 | D:7      | Noticed a manticore
  6897 | D:7      | Killed a manticore
  8172 | D:8      | Reached skill level 8 in Shields
  8918 | D:8      | Reached skill level 1 in Stealth
  9095 | D:9      | Found a shadowy altar of Dithmenos.
  9145 | D:9      | Reached skill level 1 in Throwing
  9171 | D:9      | Learned a level 1 spell: Freeze
  9257 | D:9      | Found a radiant altar of Vehumet.
  9290 | D:9      | Reached skill level 1 in Evocations
  9309 | D:9      | Reached ****** piety under Qazlal
  9686 | D:9      | Gained mutation: You are partially covered in sharp spines.
                  | [demonic ancestry]
  9686 | D:9      | Reached XP level 11. HP: 55/81 MP: 11/11
  9999 | D:10     | Entered Level 10 of the Dungeon
 10087 | D:10     | Noticed Grum
 10111 | D:10     | Killed Grum
 10293 | D:10     | Reached skill level 9 in Shields
 10348 | D:10     | Found a staircase to the Lair.
 10540 | D:10     | Found Gupliv's Armour Boutique.
 10547 | D:10     | Bought a +2 plate armour of poison resistance for 481 gold
                  | pieces
 11113 | D:11     | Noticed Psyche
 11119 | D:11     | Killed Psyche
 11253 | D:11     | Noticed a boulder beetle
 11255 | D:11     | Found a staircase to the Orcish Mines.
 11289 | D:11     | Killed a boulder beetle
 11747 | D:11     | Noticed Erica
 11764 | D:11     | Killed Erica
 12033 | Orc:1    | Entered Level 1 of the Orcish Mines
 12043 | Orc:1    | Reached skill level 10 in Shields
 12460 | D:12     | Noticed a two-headed ogre
 12470 | D:12     | Killed a two-headed ogre
 12546 | D:12     | Gained mutation: You regenerate health from kills. [demonic
                  | ancestry]
 12546 | D:12     | Reached XP level 12. HP: 89/89 MP: 12/12
 12702 | D:12     | Found an iron altar of Okawaru.
 13133 | D:13     | Found Loawke Heapt's Firing Range.
 13229 | D:13     | Noticed a centaur warrior
 13235 | D:13     | Killed a centaur warrior
 13373 | D:13     | Noticed a five-headed hydra
 13384 | D:13     | Killed a five-headed hydra
 13530 | D:13     | Noticed Frances
 13536 | D:13     | Found Qavorova's Weapon Shoppe.
 13544 | D:13     | Killed Frances
 13545 | D:13     | Reached skill level 11 in Shields
 14336 | D:14     | Noticed a two-headed ogre
 14439 | D:14     | Killed a two-headed ogre
 14545 | D:14     | Noticed a tengu warrior
 14546 | D:14     | Noticed a tengu warrior
 14561 | D:14     | Killed a tengu warrior
 14572 | D:14     | Killed a tengu warrior
 14582 | D:14     | Noticed Rupert
 14598 | D:14     | Killed Rupert
 14599 | D:14     | Reached skill level 12 in Shields
 14864 | D:14     | Reached XP level 13. HP: 79/96 MP: 13/13
 15177 | D:14     | Noticed Louise
 15206 | D:14     | Killed Louise
 15792 | D:14     | Reached skill level 10 in Short Blades
 15828 | D:14     | Found a gate to the Vaults.
 16575 | D:15     | Entered Level 15 of the Dungeon
 16649 | D:15     | Reached skill level 13 in Shields
 16714 | D:15     | Noticed an ettin
 16724 | D:15     | Killed an ettin
 16781 | D:15     | Noticed Nessos
 16811 | D:15     | Killed Nessos
 16970 | D:15     | Reached XP level 14. HP: 65/105 MP: 14/14
 17186 | D:15     | Found a staircase to the Depths.
 17315 | Depths:1 | Entered Level 1 of the Depths
 17482 | Depths:1 | Mangled by a deep troll

Illustrated notes

Levels and vault maps discovered:
D:1:      ncdulo_smallfort, layout_loops_ring, serial_shops, shop,
          dreamdust_ecumenical_altar_statues, serial_bayou_lagoon_a,
          serial_bayou_pond_d
D:2:      layout_rooms, serial_shops, shop, basic_altar,
          minmay_misc_feat_pillars, uniq_robin, uniq_sigmund
D:3:      layout_basic, uniq_crazy_yiuf_cottage, uniq_grinder
D:4:      minmay_goblin_kobold_castle, layout_cave_pools,
          nicolae_overflow_hidden_temple, serial_shops, shop,
          gup_sewer_entry_bowl, serial_column_ruins, column_ruins_hut,
          column_ruins_courtyard_long, column_ruins_corridor_straight,
          column_ruins_grid_1, column_ruins_open_large, column_ruins_open_tiny,
          moated_statue, uniq_edmund
D:5:      layout_loops_ring, minmay_ogre_servants
D:6:      layout_cave_pods, serial_shops, nicolae_diamond_shop, sigmund_army,
          uniq_blork_the_orc, uniq_maggie
D:7:      layout_loops_corners, minmay_temple_entry_butterflies,
          minmay_lizard_king, uniq_harold
D:8:      layout_gridville, minivault_14
D:9:      layout_roguey [special_room_orc], nicolae_dithmenos_shadow_blocks,
          mainiacjoe_overflow_cross_hatched, mainiacjoe_overflow_catwalk,
          kennysheep_just_a_vault
D:10:     layout_grid_maze, erik_lair_orcish_takeover, serial_shops, shop,
          uniq_grum
D:11:     layout_irregular_city, erik_orc_4, zin_statuary, uniq_psyche,
          uniq_erica
D:12:     layout_irregular_city, okawaru_gym_becter
D:13:     layout_irregular_city, serial_shops, nicolae_take_the_stairs,
          nicolae_shop_firing_range, uniq_frances
D:14:     layout_loops_corners, david_vaults_4, amcnicky_mini_pool_small,
          portal_ice_cave_entry_horrid_things, uniq_rupert, uniq_louise
D:15:     hangedman_depths_entry_civil_slaughter, layout_loops_ring,
          roderic_serpentine_path, uniq_nessos
Orc:1:    layout_caves
Depths:1: layout_gridville, grunt_hell_entry_dis_old, nicolae_benzene_ring,
          drop_trap, minmay_guarded_unrand_wrath_of_trog, serial_bayou_shore_b,
          serial_bayou_shore_b, serial_bayou_shore_a

Skill      XL: |  1  2  3  4  5  6  7  8  9 10 11 12 13 14 |
---------------+-------------------------------------------+-----
Armour         | 3 4 5 6 7 8 |  8.9
Shields        | 3 4 5 7 8 10 12 13 | 13.8
Maces & Flails | 2 3 5 |  5.2
Dodging        | 1 2 3 |  3.6
Polearms       | 2 3 5 6 |  6.0
Fighting       | 4 5 6 7 8 |  8.3
Short Blades   | 4 6 8 9 10 11 | 11.0
Stealth        | 1 2 |  2.4
Throwing       | 1 |  1.6
Evocations     | 1 2 3 4 |  4.6

Action                   |  1- 3 |  4- 6 |  7- 9 | 10-12 | 13-15 || total
-------------------------+-------+-------+-------+-------+-------++-------
Melee: Flail             |   139 |       |   113 |       |       ||   252
       Scythe            |       |    85 |    95 |       |       ||   180
       Dagger            |       |       |   118 |   739 |   526 ||  1383
Throw: Dart              |       |       |       |     8 |     4 ||    12
Evoke: Wand              |       |     3 |     3 |    36 |    35 ||    77
  Use: Scroll            |       |     3 |     7 |     2 |     4 ||    16
       Potion            |       |       |     5 |     4 |     7 ||    16
 Stab: Paralysed         |       |       |       |       |     1 ||     1
Armor: Scale mail        |    59 |    19 |       |       |       ||    78
       Plate armour      |       |    32 |    20 |   107 |    73 ||   232
       Chain mail        |       |       |   202 |    64 |       ||   266
Dodge: Dodged            |    40 |    31 |    94 |    84 |    46 ||   295
       Repelled          |       |       |     1 |       |     2 ||     3
Block: Kite shield       |   142 |       |   289 |   738 |   336 ||  1505
       Reflection        |     3 |     3 |     7 |    36 |    18 ||    67
       Other             |       |    52 |    97 |       |       ||   149

Table legend: (Time is in decaauts)
 A = Elapsed time spent in this place.
 B = Non-inter-level travel time spent in this place.
 C = Inter-level travel time spent in this place.
 D = Time resting spent in this place.
 E = Time spent auto-exploring this place.
 F = Levels seen in this place.
 G = Mean time per level.
                   A        B        C        D        E       F      G
               +--------+--------+--------+--------+--------+-----+--------+
         Total |  17403 |  17403 |      0 |   3420 |   8333 |  18 |  966.8 |
       Dungeon |  16696 |  16696 |      0 |   3401 |   8042 |  15 | 1113.1 |
  Orcish Mines |    222 |    222 |      0 |      0 |    163 |   1 |  222.0 |
        Depths |    140 |    140 |      0 |     15 |      4 |   1 |  140.0 |
         Sewer |    344 |    344 |      0 |      4 |    124 |   1 |  344.0 |
               +--------+--------+--------+--------+--------+-----+--------+

Top non-repeatable levels by time:
    D:14: 2205 daAuts
     D:1: 1667 daAuts
     D:7: 1383 daAuts
     D:4: 1335 daAuts
    D:11: 1103 daAuts
     D:3: 1091 daAuts
    D:13: 1068 daAuts
     D:9: 1023 daAuts
    D:10: 999 daAuts
     D:5: 933 daAuts
     D:8: 910 daAuts
     D:6: 900 daAuts
     D:2: 755 daAuts
    D:12: 684 daAuts
    D:15: 633 daAuts
